 Dungeon Crawl Stone Soup version 0.20-a0-11-ga97c7b5 (webtiles) character file.

8044 JustSomeDude the Blocker (level 11, 0/81 HPs)
             Began as a Demonspawn Fighter on Nov 2, 2016.
             Was a High Priest of Dithmenos.
             Slain by an unseen horror (3 damage)
             ... on level 10 of the Dungeon.
             The game lasted 00:30:19 (8275 turns).

JustSomeDude the Blocker (Demonspawn Fighter)       Turns: 8275, Time: 00:30:20

Health: 0/81       AC: 25    Str: 19    XL:     11   Next: 4%
Magic:  0/11       EV: 12    Int:  9    God:    Dithmenos [*****.]
Gold:   321        SH: 18    Dex: 21    Spells: 0 memorised, 10 levels left

rFire  + + +     SeeInvis .     J - +2 trident (vamp)
rCold  . . .     Gourm    +     x - +0 chain mail
rNeg   + . .     Faith    .     s - +0 large shield
rPois  .         Spirit   +     (helmet unavailable)
rElec  .         Reflect  .     (no cloak)
rCorr  .         Harm     .     y - +0 pair of gloves
MR     .....                    c - +0 pair of boots of Grace {rF++ Dex+2} (curse)
Stlth  ..........               E - amulet of the gourmand
                                v - ring of positive energy
                                l - ring of protection from fire (curse)

@: agile, sanguine armour, wreathed by umbra
A: horns 3, magic shield, magic regeneration, sanguine armour 3
a: Shadow Step, Shadow Form, Renounce Religion


You were on level 10 of the Dungeon.
You worshipped Dithmenos.
Dithmenos was extremely pleased with you.
You were not hungry.

You visited 2 branches of the dungeon, and saw 11 of its levels.

You collected 520 gold pieces.
You spent 199 gold pieces at shops.

Inventory:

Hand Weapons
 J - a +2 vampiric trident (weapon)
Missiles
 G - 5 steel tomahawks (quivered)
Armour
 c - the cursed +0 pair of boots of Grace (worn) {rF++ Dex+2}
   (You bought it in a shop on level 4 of the Dungeon)

   It affects your dexterity (+2).
   It greatly protects you from fire.
   It has a curse placed upon it.
 s - a +0 large shield (worn)
 x - a +0 chain mail (worn)
 y - a +0 pair of gloves (worn)
Jewellery
 i - a +2 amulet of reflection
 l - a cursed ring of protection from fire (left hand)
 v - a ring of positive energy (right hand)
 D - an uncursed amulet of harm
 E - an amulet of the gourmand (around neck)
Wands
 b - a wand of teleportation (7/9)
 I - a wand of digging (9/24)
 K - a wand of confusion (8/48)
Scrolls
 d - 5 scrolls of remove curse {unknown}
 e - 2 scrolls of noise {unknown}
 k - a scroll of amnesia {unknown}
 n - a scroll of blinking {unknown}
 o - 2 scrolls of fear {unknown}
 p - 6 scrolls of identify {unknown}
 t - 2 scrolls of magic mapping {unknown}
 z - 2 scrolls of teleportation {unknown}
 C - 2 scrolls of recharging {unknown}
Potions
 g - 3 potions of brilliance
 h - a potion of mutation {unknown}
 q - a potion of haste {unknown}
 w - 2 potions of agility
 F - a potion of cure mutation {unknown}
 H - a potion of resistance {unknown}
Books
 B - a book of Conjurations

   Spells                             Type                      Level
   a - Magic Dart                     Conjuration                  1
   b - Searing Ray                    Conjuration                  2
   c - Dazzling Spray                 Conjuration/Hexes            3
   d - Fulminant Prism                Conjuration/Hexes            4
   e - Iskenderun's Mystic Blast      Conjuration                  4
   f - Iskenderun's Battlesphere      Conjuration/Charms           5
Comestibles
 a - 2 chunks of flesh
 f - 6 bread rations
 j - 2 beef jerkies
 A - 5 meat rations


   Skills:
 + Level 5.8 Fighting
 + Level 8.5 Polearms
 + Level 0.5 Throwing
 * Level 7.3 Armour
 + Level 3.2 Dodging
 + Level 0.4 Stealth
 * Level 10.3 Shields


You had 10 spell levels left.
You didn't know any spells.

Dungeon Overview and Level Annotations

Branches:
Dungeon (10/15)            Temple (1/1) D:7            Lair (0/6) D:9
    Orc (0/2) D:9

Altars:
Ashenzari
Cheibriados
Dithmenos
Elyvilon
Fedhas
Gozag
Hepliaklqana
Kikubaaqudgha
Makhleb
Nemelex Xobeh
Okawaru
Qazlal
Ru
Sif Muna
Trog
Uskayaw
Vehumet
Xom
Yredelemnul
Zin
The Shining One

Shops:
D:4 [   D:6 [


Innate Abilities, Weirdness & Mutations

You have a pair of large horns on your head.
When hurt, damage is shared between your health and your magic reserves.
You regenerate magic rapidly.
When seriously injured, your bleeding wounds create very thick armour. (AC +12)


Message History

* * * LOW HITPOINT WARNING * * *
Something hits you but does no damage. x2
You hit something but do no damage. You headbutt something!
Your shadow hits something but does no damage.
Something hits you but does no damage.
You hit something. Your headbutt misses something.
You block something's attack. Something hits you but does no damage.
Something hits you.
* * * LOW HITPOINT WARNING * * *
You miss something. You block something's attack.
Something hits you but does no damage.
The howler monkey hoots and howls with incredible vigour!
You hear an angry growl. x2
You hit something but do no damage. Your headbutt misses something.
Your shadow closely misses something.
Something hits you.
* * * LOW HITPOINT WARNING * * *
It was a potion of agility.
You feel agile all of a sudden. Something hits you.
You die...

####......#...# ###
######'##### ... #......#
... #......# ... #......#
### ###'##)### #(....().#
###..##### #@## #{#
#########h################
#...<...hO..h.h.O.........
#..............h..........
####################......
#...... #......
#######......


You could see a two-headed ogre and 2 howler monkeys.

Vanquished Creatures
  An orc knight (D:10)
  A troll (D:9)
  A hippogriff (D:6)
  Sigmund (D:2)
  A wyvern (D:10)
  6 yaks (D:9)
  A hungry ghost (D:9)
  3 black bears
  3 ice beasts
  A phantom (D:7)
  13 orc warriors
  2 necrophages (D:8)
  3 ogres
  4 centaurs
  2 crocodiles (D:9)
  3 big kobolds
  5 bullfrogs
  2 scorpions
  9 killer bees
  6 wights
  4 howler monkeys
  2 vampire bats (D:8)
  3 crimson imps
  3 bullfrog zombies
  3 hounds
  9 orc priests
  9 orc wizards
  A centaur skeleton (D:9)
  An iguana (D:7)
  11 worker ants
  A howler monkey zombie (D:8)
  3 worker ant zombies
  A howler monkey skeleton (D:4)
  8 gnolls
  16 adders
  3 shadow imps
  4 oozes
  An adder skeleton (D:5)
  5 worms
  3 leopard geckos
  41 orcs
  2 bat skeletons (D:8)
  2 bat zombies (D:8)
  5 giant cockroaches
  6 goblins
  8 hobgoblins
  15 jackals
  21 kobolds
  4 quokkas
  15 bats
  3 frilled lizards
  2 leopard gecko zombies (D:8)
  2 quokka skeletons (D:4)
  31 rats
316 creatures vanquished.

Vanquished Creatures (others)
  A centaur (D:9)
  2 orcs
  A kobold (D:8)
  9 fungi (D:9)
  4 plants (D:9)
17 creatures vanquished.

Grand Total: 333 creatures vanquished

Notes
Turn   | Place    | Note
-------+----------+-------------------------------------------
     0 | D:1      | JustSomeDude the Demonspawn Fighter began the quest for the Orb.
     0 | D:1      | Reached XP level 1. HP: 18/18 MP: 1/1
    87 | D:1      | Gained mutation: When hurt, damage is shared between your health and your magic reserves. [demonic ancestry]
    87 | D:1      | Reached XP level 2. HP: 18/24 MP: 2/2
   407 | D:1      | Gained mutation: You have a pair of small horns on your head. [demonic ancestry]
   407 | D:1      | Reached XP level 3. HP: 26/29 MP: 3/3
   562 | D:2      | Noticed Sigmund
   567 | D:2      | Reached skill level 3 in Shields
   569 | D:2      | Killed Sigmund
   569 | D:2      | Reached skill level 1 in Dodging
   569 | D:2      | Gained mutation: You have a pair of horns on your head. [demonic ancestry]
   569 | D:2      | Reached XP level 4. HP: 23/35 MP: 2/4
   569 | D:2      | Gained mutation: When seriously injured, your bleeding wounds create armour. (AC +12) [demonic ancestry]
   569 | D:2      | Reached XP level 5. HP: 27/41 MP: 2/5
  1314 | D:3      | Found a white marble altar of Elyvilon.
  1423 | D:3      | Found an opulent altar of Gozag.
  1424 | D:3      | Found a glowing silver altar of Zin.
  1671 | D:3      | Gained mutation: You regenerate magic rapidly. [demonic ancestry]
  1671 | D:3      | Reached XP level 6. HP: 47/47 MP: 6/6
  1719 | D:3      | Found a faded altar of an unknown god.
  1735 | D:3      | Became a worshipper of Dithmenos the Shadowed
  1735 | D:3      | Reached * piety under Dithmenos
  2046 | D:4      | Found Tonwymut's Antique Armour Shop.
  2312 | D:4      | Found a blossoming altar of Fedhas.
  2319 | D:4      | Reached ** piety under Dithmenos
  2682 | D:4      | Gained mutation: When seriously injured, your bleeding wounds create thick armour. (AC +12) [demonic ancestry]
  2682 | D:4      | Reached XP level 7. HP: 41/54 MP: 5/7
  2896 | D:5      | Entered Level 5 of the Dungeon
  2961 | D:5      | Reached skill level 4 in Shields
  3073 | D:5      | Found a snail-covered altar of Cheibriados.
  3115 | D:5      | Found an iron altar of Okawaru.
  3243 | D:5      | Reached skill level 5 in Polearms
  3547 | D:6      | Gained mutation: You have a pair of large horns on your head. [demonic ancestry]
  3547 | D:6      | Reached XP level 8. HP: 41/60 MP: 8/8
  4023 | D:6      | Reached skill level 5 in Armour
  4027 | D:6      | Reached *** piety under Dithmenos
  4129 | D:6      | Reached skill level 5 in Shields
  4191 | D:6      | Found Edehogud's Armour Shop.
  4275 | D:4      | Bought a pair of faintly glowing boots for 199 gold pieces
  4280 | D:4      | Identified the cursed +0 pair of boots of Grace {rF++ Dex+2} (You bought it in a shop on level 4 of the Dungeon)
  4493 | D:6      | Noticed a hippogriff
  4501 | D:6      | Killed a hippogriff
  4504 | D:6      | Found a sparkling altar of Nemelex Xobeh.
  4617 | D:6      | Found a shimmering altar of Xom.
  4718 | D:7      | Gained mutation: When seriously injured, your bleeding wounds create very thick armour. (AC +12) [demonic ancestry]
  4718 | D:7      | Reached XP level 9. HP: 32/66 MP: 9/9
  4742 | D:7      | Reached skill level 6 in Shields
  5139 | D:7      | Found a staircase to the Ecumenical Temple.
  5179 | Temple   | Entered the Ecumenical Temple
  5550 | D:7      | Reached skill level 5 in Fighting
  5742 | D:7      | Reached skill level 7 in Shields
  5992 | D:8      | Reached **** piety under Dithmenos
  6068 | D:8      | Reached skill level 8 in Shields
  6293 | D:8      | Reached XP level 10. HP: 73/73 MP: 10/10
  6297 | D:8      | Found an ancient bone altar of Kikubaaqudgha.
  6696 | D:9      | Found a staircase to the Lair.
  6737 | D:9      | Reached ***** piety under Dithmenos
  6781 | D:9      | Found a blossoming altar of Fedhas.
  6866 | D:9      | Reached skill level 9 in Shields
  7626 | D:9      | Reached skill level 10 in Shields
  7629 | D:9      | Found a staircase to the Orcish Mines.
  7783 | D:10     | Entered Level 10 of the Dungeon
  7873 | D:10     | Noticed an orc knight
  7908 | D:10     | Killed an orc knight
  8041 | D:10     | Reached XP level 11. HP: 76/80 MP: 11/11
  8274 | D:10     | HP: 3/81 [something (4)]
  8275 | D:10     | Slain by an unseen horror

Vault maps used:
D:1:      erik_arrival_orb_chamber
D:2:      hangedman_decor_growths, uniq_sigmund
D:3:      grunt_temple_overflow_gold_and_silver, nicolae_overflow_crystal_walls,
          ecumenical_altar_2, nrook_mini_vaults, serial_bayou_lagoon_b
D:4:      lemuel_round_altar, serial_shops, shop, patterned_corridor
D:5:      cheibrodos_worm_habitat, first_bread, okawaru_metal_pillars_1_2
D:6:      lemuel_round_altar, serial_shops, shop, nemelex_diamond_rough_becter
D:8:      kennysheep_vampire_church, serial_undead, serial_undead_b,
          serial_undead_d, serial_undead_f, serial_undead_b, serial_undead_e,
          serial_undead_f
D:9:      grunt_lair_entry_orc_guard_hut, erik_orc_2, basic_altar
D:10:     cheibrodos_orc_bank
Temple:   eino_temple_water

Skill      XL: |  1  2  3  4  5  6  7  8  9 10 |
---------------+-------------------------------+-----
Armour         | 3 4 5 6 7 |  7.3
Polearms       | 2 3 4 5 6 7 8 |  8.5
Shields        | 3 4 5 8 10 | 10.3
Dodging        | 1 2 3 |  3.2
Fighting       | 4 5 |  5.8
Throwing       | |  0.5
Stealth        | |  0.4

Action                   |  1- 3 |  4- 6 |  7- 9 | 10-12 || total
-------------------------+-------+-------+-------+-------++-------
Melee: Trident           |    96 |   236 |   633 |   527 ||  1492
       Headbutt          |     5 |    39 |   134 |   107 ||   285
Throw: Tomahawk          |       |       |       |     3 ||     3
  Use: Potion            |     1 |       |     2 |     4 ||     7
  Eat: Chunk             |       |     4 |    13 |    34 ||    51
       Royal jelly       |       |     1 |       |     1 ||     2
       Pizza             |       |       |       |     1 ||     1
Armor: Scale mail        |    37 |    59 |    33 |       ||   129
       Chain mail        |       |       |   190 |   152 ||   342
Dodge: Dodged            |    28 |    65 |   100 |    60 ||   253
Block: Shield            |    41 |   104 |    63 |       ||   208
       Large shield      |       |       |   407 |   407 ||   814
       Reflection        |       |       |    16 |    20 ||    36
